 Dungeon Crawl Stone Soup version 0.19.5 (webtiles) character file.

45 equalderp2856 the Scratcher (level 3, -1/17 HPs)
             Began as a Felid Fighter on Mar 13, 2017.
             Succumbed to an adder's poison
             ... on level 3 of the Dungeon.
             The game lasted 00:04:00 (2112 turns).

equalderp2856 the Scratcher (Felid Fighter)         Turns: 2112, Time: 00:04:01

Health: -1/17      AC:  1    Str: 13    XL:     3   Next: 42%
Magic:  4/4        EV: 20    Int:  9    God:
Gold:   114        SH:  0    Dex: 15    Spells: 0 memorised, 2 levels left
                                        Lives:  0   Deaths: 1

rFire  + . .     SeeInvis +       - Unarmed
rCold  + . .     Gourm    .     (armour unavailable)
rNeg   . . .     Faith    .     (shield unavailable)
rPois  +         Spirit   .     (helmet unavailable)
rElec  +         Reflect  .     (cloak unavailable)
rCorr  +         Harm     .     (gloves unavailable)
MR     .....                    (boots unavailable)
Stlth  ++........               (no amulet)
                                (no ring)
                                (no ring)

@: lethally poisoned (-1 -> -26), resistant, quick
A: no armour, no weapons or thrown items, stealth, claws 1, fangs 3, see
invisible, carnivore 3, speed 1, shaggy fur 1, slow metabolism 1, sharp paws
a: no special abilities


You were on level 3 of the Dungeon.
You were not hungry.

You visited 1 branch of the dungeon, and saw 3 of its levels.

You collected 114 gold pieces.

Inventory:

Jewellery
 n - a +3 ring of strength {unknown}
Scrolls
 c - a scroll of teleportation {unknown}
 d - 3 scrolls of blinking {unknown}
 e - a scroll of magic mapping {unknown}
 h - a scroll of fog {unknown}
 k - a scroll of enchant armour {unknown}
 m - a scroll of identify {unknown}
Potions
 a - a potion of might
 j - a potion of flight {unknown}
 l - a potion of haste {unknown}
 o - a potion of curing {unknown}
Comestibles
 b - a meat ration
 g - a slice of pizza


   Skills:
 + Level 3.3 Fighting
 + Level 4.7 Dodging
 + Level 1.9 Stealth
 + Level 5.1 Unarmed Combat


You had 2 spell levels left.
You didn't know any spells.

Dungeon Overview and Level Annotations

Branches:
Dungeon (3/15)

Altars:


Innate Abilities, Weirdness & Mutations

You cannot wear armour.
You are incapable of wielding weapons or throwing items.
Your paws allow you to move quietly. (Stealth)
You have sharp claws.
You have razor-sharp teeth.
You have supernaturally acute eyesight. (SInv)
You are carnivorous and can eat meat at any time.
You cover ground quickly.
You are covered in fur. (AC +1)
You have a slow metabolism.
Your sharp claws are effective at attacking unaware monsters.


Message History

You are lethally poisoned!
The adder poisons you!
You completely miss the adder.
The adder is lightly wounded.
You feel sick. The adder bites you.
You are more poisoned.
The adder poisons you!
You barely miss the adder.
The adder is lightly wounded.
You feel sick. The adder misses you.
You closely miss the adder.
The adder is lightly wounded.
* * * LOW HITPOINT WARNING * * *
You feel sick. The adder bites you.
* * * LOW HITPOINT WARNING * * *
You are more poisoned.
The adder poisons you!
It was a potion of resistance.
You feel protected.
You die...

#....#o# #.........
#.##.#o# #####.#### .#
.#†# #.# # .#
.#.########.# #
.##..#.........# #
########.##.#.##########
# #####........##)##
###...........##...#
....###.........@S.#
..#.###..####.##...#
....................# #
#.#.#########.#####.# #
# #..# #.# .# # #....
..# # ##.### ### .# .#
##


You could see an adder.

Vanquished Creatures
  2 adders
  An ooze (D:3)
  A worm (D:2)
  2 dart slugs
  3 leopard geckos
  6 orcs (D:3)
  2 giant cockroaches
  10 goblins
  8 hobgoblins
  7 jackals
  5 bats
  2 frilled lizards (D:1)
  3 kobolds (D:1)
  2 rats
54 creatures vanquished.

Notes
Turn   | Place    | Note
-------+----------+-------------------------------------------
     0 | D:1      | equalderp2856 the Felid Fighter began the quest for the Orb.
     0 | D:1      | Reached XP level 1. HP: 10/10 MP: 2/2
   113 | D:1      | Reached XP level 2. HP: 14/14 MP: 3/3
   919 | D:2      | Reached XP level 3. HP: 17/17 MP: 4/4
  1395 | D:2      | Reached skill level 1 in Stealth
  1422 | D:3      | Reached skill level 5 in Unarmed Combat
  1683 | D:3      | Reached XP level 4. HP: 21/21 MP: 5/5
  1983 | D:3      | Killed from afar by an orc wizard
  1984 | D:3      | Reached XP level 3. HP: -1/17 MP: 4/4
  2112 | D:3      | Succumbed to an adder's poison

Skill      XL: |  1  2  3 |
---------------+----------+-----
Stealth        | 1 |  1.9
Unarmed Combat | 5 |  5.1
Fighting       | |  3.3
Dodging        | |  4.7

Action                   |  1- 3 |  4- 6 || total
-------------------------+-------+-------++-------
Melee: Unarmed           |   120 |    25 ||   145
       Bite              |     7 |     3 ||    10
       Punch             |       |     1 ||     1
  Use: Potion            |     1 |     2 ||     3
 Stab: Sleeping          |     1 |     2 ||     3
       Distracted        |     1 |       ||     1
  Eat: Chunk             |     6 |     1 ||     7
Armor: Skin              |     6 |     1 ||     7
Dodge: Dodged            |    85 |    16 ||   101
